 Dungeon Crawl Stone Soup version 0.23.2-1-ga50397a6bc (webtiles) character file.

Game seed: 3434620539133471433

163 HuneSparrow the Slasher (level 5, -11/46 HPs)
             Began as a Minotaur Fighter on Apr 18, 2019.
             Was a Follower of Makhleb.
             Killed by divine providence
             ... invoked by an orc priest
              (16 damage)
             ... on level 4 of the Dungeon.
             The game lasted 00:05:06 (2039 turns).

HuneSparrow the Slasher (Minotaur Fighter)          Turns: 2039, Time: 00:05:06

Health: -11/46     AC:  8    Str: 22    XL:     5   Next: 20%
Magic:  4/4        EV:  7    Int:  5    God:    Makhleb [*.....]
Gold:   94         SH:  9    Dex:  9    Spells: 4/4 levels left

rFire    . . .     SeeInvis .   a - +0 long sword
rCold    . . .     Gourm    .   c - +0 shield
rNeg     . . .     Faith    .   b - +0 scale mail
rPois    .         Spirit   .   (helmet restricted)
rElec    .         Reflect  .   l - +0 cloak
rCorr    +         Harm     .   (no gloves)
MR       .....                  (no boots)
Stlth    ..........             (no amulet)
HPRegen  0.15/turn              j - ring of resist corrosion
MPRegen  0.09/turn              p - ring of wizardry

@: no status effects
A: retaliatory headbutt, horns 2
a: Renounce Religion


You were on level 4 of the Dungeon.
You worshipped Makhleb.
Makhleb was aware of your devotion.
You were not hungry.

You visited 1 branch of the dungeon, and saw 4 of its levels.

You collected 94 gold pieces.

Inventory:

Hand Weapons
 a - a +0 long sword (weapon)
Armour
 b - a +0 scale mail (worn)
 c - a +0 shield (worn)
 l - a +0 cloak (worn)
Jewellery
 j - a ring of resist corrosion (left hand)
 p - a ring of wizardry (right hand)
Scrolls
 i - 2 scrolls of identify
 k - 2 scrolls of teleportation
Potions
 d - a potion of might
 m - 5 potions of flight
 o - a potion of curing {unknown}
 t - a potion of resistance {unknown}
Comestibles
 f - 4 rations
 g - 2 chunks of flesh


   Skills:
 + Level 4.2 Fighting
 * Level 5.1 Long Blades
 + Level 4.2 Armour
 + Level 0.4 Dodging
 + Level 4.4 Shields


You had 4 spell levels left.
You didn't know any spells.
Your spell library was empty.

Dungeon Overview and Level Annotations

Branches:
Dungeon (4/15)
 Temple: D:4-7

Altars:
Gozag
Makhleb
Nemelex Xobeh
Ru
Vehumet


Innate Abilities, Weirdness & Mutations

You reflexively headbutt those who attack you in melee.
You have a pair of horns on your head.


Message History

You headbutt the orc, but do no damage. You closely miss the orc.
Your headbutt misses the orc. You block the orc's attack.
You barely miss the orc. You closely miss the orc. The orc barely misses you.
The orc hits you but does no damage.
The orc priest invokes the aid of Beogh against you.
Beogh smites you!
* * * LOW HITPOINT WARNING * * *
The orc hits you with a +0 hand axe.
* * * LOW HITPOINT WARNING * * *
The orc hits you but does no damage.
You barely miss the orc. Your headbutt misses the orc.
The orc hits you but does no damage.
You hit the orc but do no damage. Your headbutt misses the orc.
The orc completely misses you.
You closely miss the orc. Your headbutt misses the orc.
The orc priest calls down the wrath of Beogh upon you.
Beogh smites you!
You die...

#.########
##>.......########
...........=....>#
######.#########.#
... #@# ###. ###o#
#. #.oo# #.$ #.###
#...#####.#
+.........#
#..(....###
#.......#
##......#


You could see an orc priest and 2 orcs.

Vanquished Creatures
  An iguana (D:4)
  A worker ant (D:4)
  3 adders
  5 worms
  3 dart slugs
  A leopard gecko (D:3)
  7 bats
  2 giant cockroaches (D:3)
  10 goblins
  4 hobgoblins
  6 jackals (D:2)
  2 quokkas (D:2)
  5 frilled lizards
  7 kobolds
  11 rats
68 creatures vanquished.

Notes
Turn   | Place    | Note
-------+----------+-------------------------------------------
     0 | D:1      | HuneSparrow the Minotaur Fighter began the quest for the
                  | Orb.
     0 | D:1      | Reached XP level 1. HP: 19/19 MP: 0/0
   117 | D:1      | Reached XP level 2. HP: 27/27 MP: 1/1
   556 | D:2      | Reached skill level 3 in Long Blades
   596 | D:2      | Found a sacrificial altar of Ru.
   608 | D:2      | Reached XP level 3. HP: 27/33 MP: 2/2
   632 | D:2      | Found a burning altar of Makhleb.
   640 | D:2      | Became a worshipper of Makhleb the Destroyer
  1046 | D:2      | Found a radiant altar of Vehumet.
  1254 | D:2      | Found a sparkling altar of Nemelex Xobeh.
  1255 | D:2      | Found an opulent altar of Gozag.
  1400 | D:3      | Reached * piety under Makhleb
  1402 | D:3      | Reached skill level 4 in Long Blades
  1402 | D:3      | Reached XP level 4. HP: 36/40 MP: 3/3
  1995 | D:4      | Reached XP level 5. HP: 34/46 MP: 4/4
  1996 | D:4      | Reached skill level 5 in Long Blades
  2039 | D:4      | Killed from afar by an orc priest

Skill      XL: |  1  2  3  4  5 |
---------------+----------------+-----
Shields        | 4 |  4.4
Long Blades    | 3 4 5 |  5.1
Armour         | 4 |  4.2
Fighting       | 4 |  4.2
Dodging        | |  0.4

Action                   |  1- 3 |  4- 6 || total
-------------------------+-------+-------++-------
Melee: Long sword        |   141 |    49 ||   190
       Headbutt          |    16 |     7 ||    23
  Use: Scroll            |       |     7 ||     7
  Eat: Chunk             |     2 |     2 ||     4
Armor: Scale mail        |    74 |    22 ||    96
Dodge: Dodged            |    54 |    17 ||    71
Block: Shield            |    80 |    20 ||   100
       Rpst.: Long sword |    15 |     5 ||    20
